Map: Emerald City LE

Players

Irrumator

  • Race: Protoss Protoss
  • Spawn Location: 11:00

SpicyChpcbra

  • Race: Terran Terran
  • League: Diamond
  • Spawn Location: 11:00

James

  • Race: Terran Terran
  • League: Platinum
  • Spawn Location: 5:00

TheFeared

  • Race: Protoss Protoss
  • League: Diamond
  • Spawn Location: 5:00

VOD

Have the link to the VOD?

Description

Time

  • Played on: Sept. 25, 2020, 9:16 p.m.
  • Length: 14:39
Show
View Real Time Build Order
Export as new Build Order

Irrumator Protoss 

Build Orders: Nexus First, Oracle Opening 

Get SALT Encoding   

  12  0:00  Probe  
  13  0:13  Probe  
  14  0:25  Probe  
  15  0:35  Pylon  
  15  0:54  Nexus  
  15  0:57  Probe  
  16  1:12  Gateway  
  16  1:14  Probe  
  17  1:25  Assimilator  
  17  1:26  Probe  
  17  1:29  Assimilator  
  18  1:38  Probe  
  19  1:50  Probe  
  20  2:00  Cybernetics Core  
  20  2:08  Probe  
  21  2:12  Probe  
  22  2:25  Probe x2 (Chrono Boost)  
  22  2:26  Gateway  
  24  2:36  Probe x2 (Chrono Boost)  
  26  2:38  Stargate  
  26  2:41  Probe (Chrono Boost)  
  27  2:49  Assimilator  
  27  2:50  Probe (Chrono Boost)  
  29  2:52  Probe (Chrono Boost)  
  29  2:54  Assimilator  
  29  3:02  Probe (Chrono Boost)  
  29  3:03  Probe (Chrono Boost)  
  31  3:08  Probe (Chrono Boost)  
  31  3:09  Probe (Chrono Boost)  
  33  3:16  Probe  
  34  3:20  Probe  
  34  3:22  Oracle, Pylon  
  38  3:31  Stargate  
  38  3:40  Probe  
  39  3:43  Probe  
  40  3:52  Probe  
  40  3:54  Pylon  
  40  3:58  Oracle (Chrono Boost)  
  43  4:04  Probe  
  43  4:05  Probe  
  43  4:09  Warp Gate  
  45  4:12  Adept  
  45  4:13  Oracle (Chrono Boost), Adept  
  52  4:26  Probe  
  52  4:28  Probe  
  54  4:31  Pylon  
  54  4:36  Shield Battery  
  54  4:44  Fleet Beacon  
  54  4:46  Void Ray  
  54  4:50  Adept x2  
  62  4:57  Pylon  
  62  5:09  Shield Battery, Void Ray  
  62  5:12  Shield Battery  
  62  5:20  Pylon  
  66  5:49  Void Ray (Chrono Boost)  
  66  5:56  Void Ray (Chrono Boost)  
  74  6:03  Pylon  
  74  6:06  Pylon  
  74  6:22  Stargate  
  74  6:23  Flux Vanes, Void Ray (Chrono Boost)  
  74  6:24  Pylon  
  74  6:27  Pylon  
  74  6:29  Pylon  
  83  6:32  Probe (Chrono Boost)  
  83  6:34  Void Ray (Chrono Boost)  
  83  6:42  Probe (Chrono Boost)  
  84  6:47  Probe (Chrono Boost)  
  77  7:11  Void Ray x2 (Chrono Boost)  
  77  7:12  Void Ray (Chrono Boost)  
  65  7:46  Stalker x2  
  76  8:05  Void Ray x2 (Chrono Boost)  
  73  8:07  Void Ray  
  56  8:29  Pylon  
  53  8:41  Void Ray  
  52  8:56  Void Ray  
  42  9:42  Void Ray x2 (Chrono Boost)  
  42  9:43  Assimilator, Void Ray (Chrono Boost)  
  54  9:53  Nexus  
  54  10:12  Pylon, Probe  
  54  10:13  Probe  
  56  10:16  Pylon, Void Ray x3  
  56  10:21  Pylon  
  43  11:04  Void Ray x2 (Chrono Boost)  
  43  11:05  Cybernetics Core  
  43  11:06  Void Ray (Chrono Boost)  
  55  11:19  Probe  
  56  11:28  Probe  
  56  11:31  Probe  
  58  11:39  Pylon  
  58  11:43  Probe (Chrono Boost)  
  60  11:55  Probe (Chrono Boost)  
  60  12:01  Probe (Chrono Boost)  
  60  12:07  Void Ray x3 (Chrono Boost)  
  61  12:10  Probe  
  59  12:22  Probe  
  72  12:23  Adept  
  72  12:25  Adept  
  72  12:28  Protoss Air Weapons Level 1 (Chrono Boost)  
  76  12:33  Probe x2  
  76  12:34  Probe  
  79  12:45  Nexus  
  79  12:46  Void Ray x2 (Chrono Boost)  
  79  12:48  Pylon, Probe  
  79  12:49  Probe x2  
  82  12:54  Void Ray (Chrono Boost)  
  94  13:03  Probe x3  
  97  13:20  Void Ray x2 (Chrono Boost)  
  101  13:35  Void Ray (Chrono Boost)  
  101  13:36  Probe  
  101  13:40  Probe  
  101  13:41  Probe  
  108  13:45  Assimilator  
  108  13:48  Assimilator  
  108  13:49  Probe, Assimilator  
  108  13:50  Assimilator  
  108  13:52  Probe  
  108  13:55  Adept x2  
  114  13:58  Probe  
  115  14:10  Probe  
  116  14:22  Probe  
Show
View Real Time Build Order
Export as new Build Order

SpicyChpcbra Terran 

Build Orders: Reaper Expand, Hellion Banshee 

Get SALT Encoding   

  12  0:00  SCV  
  13  0:12  SCV  
  14  0:17  Supply Depot  
  14  0:25  SCV  
  15  0:38  SCV  
  15  0:40  Barracks  
  16  0:45  Refinery  
  16  0:51  SCV  
  17  1:03  SCV  
  18  1:15  SCV  
  19  1:27  Orbital Command  
  19  1:30  Reaper  
  20  1:42  Command Center  
  20  2:08  SCV  
  20  2:09  Factory  
  20  2:12  Refinery  
  20  2:18  Supply Depot  
  20  2:23  Barracks Reactor  
  20  2:26  SCV  
  21  3:07  SCV  
  21  3:09  Orbital Command  
  22  3:14  Starport  
  22  3:17  Hellion x2  
  22  3:18  Barracks Tech Lab  
  22  3:19  SCV  
  27  3:31  SCV  
  32  3:41  Hellion x2  
  31  3:59  SCV  
  31  4:00  Barracks Reactor  
  31  4:01  SCV  
  37  4:03  Hellion x2  
  37  4:11  SCV  
  38  4:27  Hellion x2  
  38  4:28  SCV x2  
  38  4:29  Cloaking Field  
  44  4:32  Supply Depot  
  44  4:35  Banshee  
  47  4:38  Command Center  
  43  4:56  Hellion x2  
  43  4:57  Marine x2  
  43  4:58  SCV x2  
  51  5:02  Refinery x2  
  51  5:03  Supply Depot  
  51  5:10  SCV  
  52  5:16  Marine, SCV  
  52  5:17  Marine, Banshee  
  58  5:44  Hellion x2  
  45  6:37  Orbital Command, SCV x2  
  47  6:44  Engineering Bay  
  47  6:45  Engineering Bay  
  47  6:47  Marine x2  
  47  6:49  SCV x2  
  47  6:50  Barracks  
  47  6:51  Barracks  
  51  6:59  Cyclone  
  51  7:00  Mag-Field Accelerator, Starport Reactor  
  55  7:01  SCV x2  
  55  7:05  Barracks  
  56  7:13  SCV  
  57  7:47  Cyclone  
  57  7:49  Marine x4  
  57  7:51  Medivac x2  
  59  8:08  Marine x4  
  60  8:20  Marine x2  
  60  8:23  Cyclone  
  60  8:26  Marine  
  58  8:47  Marine x5  
  57  9:00  Marine  
  57  9:01  SCV  
  57  9:02  SCV  
  60  9:04  Marine  
  60  9:05  Marine x2  
  60  9:06  SCV  
  64  9:14  SCV x2  
  66  9:18  SCV  
  67  9:24  Marine x4  
  67  9:25  Command Center  
  67  9:26  Barracks Tech Lab  
  67  9:27  Barracks Tech Lab  
  67  9:28  Terran Infantry Armor Level 1, Terran Infantry Weapons Level 1  
  67  9:29  Medivac  
  67  9:30  Siege Tank, Medivac  
  78  9:32  Supply Depot  
  78  9:33  SCV x3  
  81  9:42  Supply Depot  
  81  9:45  Supply Depot  
  81  9:46  Marine x4  
  85  9:53  Marine x2, SCV x2  
  85  9:58  Supply Depot  
  85  9:59  Supply Depot  
  89  10:04  Marine  
  89  10:51  Marine x2  
  89  10:52  Marauder  
  89  10:59  Marine x3  
  87  11:11  SCV x3  
  87  11:13  Marauder  
  92  11:21  Orbital Command  
  92  11:22  Marine x5  
  92  11:23  SCV x2  
  92  11:24  SCV  
  103  11:27  Cyclone  
  103  11:33  Factory  
  103  11:34  Marine  
  103  11:35  Factory, SCV x2, Armory  
  103  11:36  SCV  
  103  11:37  Factory, Armory  
  103  11:38  Ghost Academy  
  107  11:41  Ghost Academy  
  107  11:42  Refinery  
  107  11:44  Refinery  
  107  11:46  Marine x2  
  107  11:47  Marine x2  
  109  11:48  SCV x3  
  109  11:50  Starport Reactor  
  114  11:55  Starport  
  114  11:56  Stimpack  
  114  11:57  Combat Shield  
  114  11:59  Siege Tank  
  114  12:00  SCV x3  
  120  12:08  Barracks  
  120  12:12  SCV x3, Barracks  
  120  12:13  Barracks  
  123  12:15  Barracks  
  123  12:24  SCV x3  
  123  12:25  Factory Tech Lab x3  
  123  12:27  Marine x3  
  123  12:28  Marauder x2, Marine  
  123  12:29  Medivac x2  
  138  12:33  Starport Reactor  
  138  12:36  SCV x3  
  141  12:48  SCV x3  
  144  12:51  Command Center  
  144  12:52  Marine x4  
  148  13:00  Marauder, Siege Tank x2  
  148  13:02  Supply Depot x2  
  148  13:05  Supply Depot x2, Siege Tank, SCV x2  
  156  13:06  Marauder  
  156  13:08  Personal Cloaking  
  156  13:09  Marine  
  164  13:22  Marine  
  164  13:23  Siege Tank  
  164  13:25  Marine x3  
  164  13:27  Marine  
  165  13:42  Marine x3  
  165  13:43  Marauder, Marine  
  165  13:45  Marauder  
  165  13:53  Siege Tank x3  
  174  14:00  Marine x3  
  174  14:01  Marine  
  178  14:05  Marauder  
  178  14:06  Marine  
  172  14:19  Marine x4  
Show
View Real Time Build Order
Export as new Build Order

James Terran 

Build Orders: Reaper Expand 

Get SALT Encoding   

  12  0:00  SCV  
  13  0:12  SCV  
  14  0:19  Supply Depot  
  14  0:25  SCV  
  15  0:40  SCV  
  15  0:42  Barracks  
  16  0:47  Refinery  
  16  0:52  SCV  
  17  1:05  SCV  
  18  1:17  SCV  
  19  1:29  Reaper  
  19  1:30  Orbital Command  
  20  1:44  Command Center  
  20  1:58  SCV  
  21  2:03  Barracks Reactor  
  21  2:18  SCV  
  22  2:30  SCV  
  23  2:37  Supply Depot  
  23  2:39  Marine  
  23  2:43  Marine  
  23  2:50  SCV  
  23  2:52  Factory  
  23  3:18  Marine x2, SCV  
  26  3:21  Orbital Command  
  25  3:30  SCV  
  26  3:36  Marine  
  26  3:41  Widow Mine  
  28  3:44  Marine  
  28  3:47  Starport  
  29  3:50  SCV x2  
  29  3:54  Marine  
  32  4:02  SCV x2  
  34  4:06  Barracks  
  34  4:07  Marine  
  34  4:08  Refinery, Barracks  
  32  4:17  SCV x2  
  32  4:18  Marine  
  34  4:24  Marine  
  34  4:26  Factory Tech Lab  
  34  4:27  Medivac  
  34  4:29  SCV  
  34  4:30  SCV  
  39  4:36  Marine  
  40  4:41  SCV  
  40  4:42  Engineering Bay, Marine, SCV  
  40  4:54  Marine  
  40  4:57  Supply Depot  
  43  5:00  Siege Tank, Marine  
  44  5:14  Starport Reactor  
  44  5:18  SCV x2  
  46  5:23  Refinery  
  46  5:24  Marine x2, Refinery  
  46  5:25  Barracks Tech Lab x2  
  48  5:30  SCV x2  
  41  5:42  SCV x2  
  32  5:48  Marine x2  
  32  5:49  Marine x2  
  22  5:53  Siege Tank  
  22  5:54  SCV  
  22  5:57  SCV  
  21  6:06  Marine x2, SCV  
  21  6:09  SCV  
  18  6:18  SCV  
  18  6:21  SCV  
  18  6:22  Marine x2  
  19  6:30  SCV  
  19  6:31  Marine  
  19  6:32  Marine  
  21  6:39  SCV  
  22  6:40  Marine  
  22  6:41  Marine  
  22  6:43  SCV  
  25  6:51  SCV  
  25  6:52  Marine  
  25  6:53  Marine  
  28  6:56  Widow Mine  
  28  6:58  Marine  
  31  7:02  Marine  
  27  7:10  Marine x2  
  28  7:15  Marine, SCV  
  28  7:20  Marine  
  27  7:28  Marine  
  17  7:46  SCV  
  17  8:28  SCV  
  18  8:40  Marine  
  18  8:51  Widow Mine  
  18  8:53  SCV  
  21  8:59  SCV  
  22  9:08  Marine x2  
  24  9:15  Marine  
  25  9:27  Marine x2  
  27  9:33  Marine  
  28  9:39  SCV  
  28  9:45  Marine, SCV  
  30  9:52  SCV  
  32  9:58  SCV  
  33  10:09  Marine x3  
  33  10:10  SCV  
  33  10:11  SCV  
  38  10:32  Supply Depot  
  38  10:53  Marine x3, SCV x2  
  43  11:05  SCV x2  
  43  11:11  Marine  
  38  11:13  Marine x2  
  38  11:14  Supply Depot  
  38  11:18  SCV x2  
  40  11:27  Supply Depot  
  40  11:29  Marine  
  40  11:30  SCV x2  
  40  11:31  Marine  
  44  11:42  Marine, SCV x2  
  44  11:46  Marine  
  47  11:50  Marine  
  49  12:01  Marine  
  50  12:13  SCV x2  
  52  12:25  SCV x2  
  52  12:27  Marine x3  
  52  12:29  Stimpack  
  58  12:37  SCV x2  
  58  12:39  Terran Infantry Weapons Level 1  
  59  12:44  Marine  
  59  12:45  Marine x2  
  62  13:01  Supply Depot  
  62  13:21  Command Center  
  62  13:22  Supply Depot, Marine x3  
  62  13:23  Siege Tank, SCV x2  
  70  13:43  Marine x3, SCV x2  
  75  13:55  Siege Tank  
  78  14:06  Marine x2, SCV  
  78  14:07  SCV  
  68  14:11  Marine  
Show
View Real Time Build Order
Export as new Build Order

TheFeared Protoss 

Build Orders: Carriers, Carrier Rush 

Get SALT Encoding   

  12  0:00  Probe  
  13  0:12  Probe  
  14  0:18  Pylon  
  14  0:24  Probe (Chrono Boost)  
  15  0:33  Assimilator  
  15  0:36  Probe (Chrono Boost)  
  16  0:44  Probe (Chrono Boost)  
  17  0:50  Probe  
  18  1:03  Probe  
  19  1:12  Nexus  
  19  1:15  Probe  
  20  1:25  Gateway  
  20  1:28  Probe  
  21  1:36  Pylon  
  21  1:40  Probe  
  21  1:44  Assimilator  
  22  1:52  Probe  
  23  2:01  Forge  
  23  2:04  Probe  
  24  2:16  Probe (Chrono Boost)  
  24  2:19  Cybernetics Core  
  25  2:28  Probe x2 (Chrono Boost)  
  27  2:34  Probe x2 (Chrono Boost)  
  29  2:41  Probe  
  29  2:43  Photon Cannon  
  30  2:47  Assimilator  
  30  2:48  Probe  
  31  2:56  Stargate  
  30  2:58  Probe  
  30  3:03  Probe  
  32  3:11  Probe  
  33  3:17  Probe (Chrono Boost)  
  34  3:20  Assimilator  
  34  3:23  Probe (Chrono Boost)  
  35  3:32  Probe x2 (Chrono Boost)  
  37  3:37  Probe (Chrono Boost)  
  37  3:39  Probe  
  37  3:40  Fleet Beacon  
  39  3:43  Stargate  
  39  3:49  Probe (Chrono Boost)  
  39  3:55  Probe (Chrono Boost)  
  41  4:01  Probe (Chrono Boost)  
  42  4:07  Probe x2 (Chrono Boost)  
  42  4:08  Pylon  
  44  4:10  Pylon  
  44  4:14  Pylon x2  
  44  4:17  Pylon  
  44  4:26  Carrier  
  44  4:29  Probe x2  
  52  4:41  Carrier  
  58  4:51  Probe  
  59  4:53  Probe  
  59  4:58  Stargate  
  60  5:09  Protoss Air Weapons Level 1 (Chrono Boost)  
  60  5:13  Probe  
  61  5:15  Nexus  
  61  5:19  Pylon  
  56  5:31  Probe x2  
  56  5:33  Carrier (Chrono Boost)  
  64  5:43  Probe  
  65  5:52  Carrier (Chrono Boost)  
  58  6:18  Probe x2  
  59  6:30  Probe  
  60  6:34  Carrier (Chrono Boost)  
  66  6:43  Probe  
  67  6:49  Carrier  
  73  6:56  Probe x3  
  76  7:06  Photon Cannon  
  76  7:07  Photon Cannon  
  76  7:08  Probe x2  
  77  7:09  Shield Battery  
  77  7:11  Pylon  
  77  7:14  Probe  
  79  7:17  Photon Cannon  
  79  7:19  Photon Cannon, Pylon  
  68  7:37  Probe  
  69  7:48  Probe  
  69  7:49  Probe  
  71  8:26  Carrier x2  
  82  8:27  Probe  
  39  9:24  Probe x2  
  39  9:30  Carrier  
  47  9:36  Probe  
  47  9:37  Probe  
  49  9:48  Nexus  
  49  9:49  Probe x2  
  49  9:52  Carrier  
  57  10:01  Probe  
  58  10:09  Probe  
  58  10:13  Probe  
  60  10:18  Assimilator  
  60  10:21  Probe  
  49  10:58  Carrier x2  
  49  10:59  Probe  
  49  11:00  Probe  
  63  11:11  Probe (Chrono Boost)  
  63  11:14  Probe (Chrono Boost)  
  63  11:15  Probe (Chrono Boost)  
  66  11:24  Probe (Chrono Boost)  
  69  11:28  Probe x2 (Chrono Boost)  
  69  11:29  Probe (Chrono Boost)  
  70  11:36  Probe x2  
  70  11:37  Protoss Air Weapons Level 2 (Chrono Boost)  
  72  11:42  Probe  
  72  11:45  Nexus  
  73  11:48  Probe x2  
  73  11:49  Assimilator  
  73  11:53  Assimilator  
  75  11:54  Probe  
  75  11:55  Pylon  
  75  11:59  Pylon  
  75  12:00  Probe x2  
  78  12:07  Probe  
  79  12:12  Probe x2  
  81  12:16  Photon Cannon  
  81  12:24  Probe  
  81  12:28  Photon Cannon  
  82  12:31  Probe  
  82  12:32  Probe  
  82  12:35  Assimilator  
  82  12:36  Probe  
  85  12:39  Photon Cannon  
  85  12:44  Photon Cannon, Probe  
  85  12:45  Pylon  
  85  12:46  Probe  
  85  12:47  Shield Battery  
  87  13:01  Probe x2  
  89  13:07  Carrier  
  93  13:23  Probe x2  
  93  13:24  Probe  
  76  13:54  Probe x3  
  85  14:06  Probe x2  
  85  14:07  Probe  
  87  14:18  Probe  
Tags
 
Add a new tag
Caveats
  • Supply blocks, unpowered buildings, or Contaminate may cause inaccurate times.
  • Supply counts are checked every 10 seconds.